AoeStats
← MLTreekicker

Arena

506202093Analyzed
3v3 RM · 21d ago on Sep 12, 2026· 49m 1s· 6 players
Game mode
Random Map
Map size
Normal (6 player)
Population
200
Speed
Normal
Resources
Standard
Victory
Conquest
Starting age
Dark Age
Ending age
Imperial Age
RankedLock teamsTeams togetherTeam positionsShared explorationLock speedFull tech treeHidden civsTurbo modeCheats
Victory
Defeat
🇺🇸 Vietnamese · United States
1118
+15
🇷🇺 Koreans · Russia
1101
+16
🇨🇭 Aztecs · Switzerland
1071
+17
🇷🇺 Ethiopians · Russia
1113
-16
🇮🇳 Gurjaras · India
1101
-16
🇹🇼 Slavs · Taiwan
1098
-16
MLTreekicker
10:48 Feudal Age
14:59 Castle Age
13:08 Double-Bit Axe
13:17 Horse Collar
16:25 Bow Saw
22:14 Fletching
23:23 Wheelbarrow
22:34 Loom
23:18 Bodkin Arrow
25:04 Crossbowman
29:42 Ballistics
33:45 Imperial Age
31:01 Town Watch
31:32 Hand Cart
31:28 Stone Mining
32:49 Padded Archer Armor
33:33 Town Patrol
33:28 Gold Mining
34:14 Stone Shaft Mining
34:03 Heavy Plow
35:09 Bracer
36:17 Chemistry
37:57 Murder Holes
38:45 Leather Archer Armor
38:31 Scale Mail Armor
38:42 Forging
39:27 Elite Rattan Archer
40:16 Squires
40:38 Chain Mail Armor
40:48 Elite Fire Lancer
42:03 Ring Archer Armor
42:11 Arson
43:43 Crop Rotation
44:00 Plate Mail Armor
47:31 Iron Casting
49:00 Scale Barding Armor
Harkonnen
8:19 Loom
10:55 Feudal Age
15:34 Castle Age
14:09 Double-Bit Axe
14:50 Horse Collar
20:05 Fervor
23:49 Wheelbarrow
25:59 Bow Saw
25:58 Heavy Plow
28:17 Town Watch
29:34 Fletching
32:37 Imperial Age
31:09 Hand Cart
31:13 Bodkin Arrow
32:28 Thumb Ring
32:26 Husbandry
33:09 Ballistics
33:15 Forging
33:06 Scale Mail Armor
32:32 Pikeman
33:12 Squires
32:58 Gambesons
32:59 Arson
35:02 Chemistry
34:14 Masonry
34:00 Murder Holes
34:18 Bracer
34:47 Conscription
35:04 Eupseong
36:18 Elite War Wagon
37:50 Architecture
37:02 Treadmill Crane
39:30 Iron Casting
39:11 Chain Mail Armor
38:18 Halberdier
41:58 Plate Mail Armor
45:31 Shinkichon
FreakinAndry
10:59 Feudal Age
14:51 Castle Age
13:10 Double-Bit Axe
17:26 Bow Saw
17:57 Fervor
18:08 Sanctity
20:21 Loom
25:55 Redemption
26:21 Pikeman
28:29 Wheelbarrow
27:41 Town Watch
29:59 Squires
33:55 Hand Cart
36:19 Imperial Age
36:10 Fletching
36:20 Padded Archer Armor
36:50 Hand Cart
37:35 Block Printing
37:58 Theocracy
37:50 Illumination
37:46 Elite Skirmisher
41:10 Imperial Skirmisher
d55663
11:34 Feudal Age
13:18 Loom
15:52 Castle Age
13:40 Man-at-Arms
14:36 Double-Bit Axe
16:12 Long Swordsman
22:04 Scale Mail Armor
25:22 Chain Mail Armor
27:52 Bow Saw
31:30 Horse Collar
34:47 Imperial Age
32:28 Gold Mining
36:09 Scale Barding Armor
36:57 Gold Shaft Mining
37:17 Onager
40:28 Wheelbarrow
47:46 Pikeman
我不知道
11:14 Feudal Age
15:33 Castle Age
14:03 Double-Bit Axe
14:23 Fletching
15:56 Crossbowman
16:56 Bodkin Arrow
22:37 Horse Collar
26:27 Wheelbarrow
31:26 Imperial Age
30:02 Hand Cart
29:33 Town Watch
30:19 Heavy Plow
31:17 Bow Saw
31:38 Ballistics
31:35 Padded Archer Armor
32:19 Gold Mining
32:22 Stone Mining
32:33 Bracer
33:48 Thumb Ring
34:38 Gold Shaft Mining
35:58 Chemistry
35:01 Murder Holes
35:18 Fortified Wall
35:19 Masonry
36:04 Conscription
35:08 Arbalester
36:50 Leather Archer Armor
36:46 Forging
36:36 Scale Mail Armor
37:52 Two-Man Saw
38:25 Squires
39:03 Iron Casting
38:08 Elite Shotel Warrior
39:33 Architecture
39:10 Siege Engineers
48:37 Elite Skirmisher
--[=====>
8:20 Loom
10:46 Feudal Age
15:02 Castle Age
13:10 Horse Collar
14:06 Double-Bit Axe
18:29 Heavy Plow
23:57 Wheelbarrow
30:14 Imperial Age
28:25 Bow Saw
30:02 Devotion
31:49 Scale Barding Armor
31:54 Forging
32:20 Gold Mining
32:24 Stone Mining
33:48 Hand Cart
33:43 Husbandry
33:56 Bloodlines
34:28 Gold Shaft Mining
34:05 Elite Shrivamsha Rider
35:11 Chain Barding Armor
35:26 Iron Casting
37:53 Plate Barding Armor
44:30 Frontier Guards
47:13 Kshatriyas
48:26 Heavy Scorpion
Connection lost

Rejoining the realm…

Still unreachable

The connection could not be restored.

Session expired

The server has moved on; the page needs a fresh start.